 Dungeon Crawl Stone Soup version 0.32-a0-171-g4625e66871 (webtiles) character file.

Game seed: 3448015755428251117

1975551 momomo the Slayer (level 26, 156/156 HPs)
             Began as a Vine Stalker Monk on Feb 12, 2024.
             Was an Elder of Okawaru.
             Escaped with the Orb
             ... and 3 runes!
             The game lasted 01:53:39 (48335 turns).

momomo the Slayer (Vine Stalker Monk)              Turns: 48335, Time: 01:53:39

Health: 156/156    AC: 36    Str: 25    XL:     26   Next: 34%
Magic:  41/41      EV: 25    Int: 13    God:    Okawaru [****..]
Gold:   5597       SH: 21    Dex: 32    Spells: 28/29 levels left

rFire   + + .        a - +8 autumn katana {manifold assault}
rCold   + + .        P - +4 kite shield {AC+3}
rNeg    . . .        B - +6 chain mail of Ethics {rF++}
rPois   +            N - +2 hat {Will+}
rElec   .            s - +2 cloak {rCorr}
rCorr   +            v - +0 pair of gloves "Xotoesah" {rPois rC+}
SInv    .            W - +3 pair of mountain boots {steadfast, rC+}
Will    +++++        d - amulet of Tufonon {RegenMP Str+2 Int+5} Stlth
                     u - +6 ring of dexterity
HPRegen 1.26/turn    D - ring of magical power
MPRegen 0.67/turn

%: guardian spirit
@: no status effects
A: fangs 3, regeneration 1, magic shield, antimagic bite, no potion heal 2,
agile 1, low MP 1, strong-willed 1, mutation resistance 1, poison resistance,
strong 1
0: Orb of Zot
}: 3/15 runes: decaying, serpentine, abyssal
a: Renounce Religion, Heroism, Finesse


You escaped.
You worshipped Okawaru.
Okawaru was greatly pleased with you.
You visited 10 branches of the dungeon, and saw 47 of its levels.
You visited the Abyss 1 time.
You also visited: Trove, Gauntlet and Ice Cave.

You collected 7722 gold pieces.
You spent 2125 gold pieces at shops.

Inventory:

Hand Weapons
 a - the +8 autumn katana (weapon) {manifold assault}
   (You found it in a Gauntlet)
 e - a +2 rapier of distortion
 m - a +5 double sword of flaming
 A - the +2 rapier "Goblinslayer" {freeze, +Blink rPois Will- Dex+3}
   (You found it on level 3 of the Elven Halls)

   Dex+3:     It affects your dexterity (+3).
   rPois:     It protects you from poison Will-: It decreases your willpower.
   +Blink:    It lets you blink.
 C - a +8 vampiric demon blade
Missiles
 o - 6 curare-tipped darts
 Q - 5 throwing nets (quivered) {!f}
Armour
 s - a +2 cloak of preservation (worn)
 v - the +0 pair of gloves "Xotoesah" (worn) {rPois rC+}
   (You acquired it on level 5 of the Lair of Beasts)

   rC+:       It protects you from cold.
   rPois:     It protects you from poison
 y - a scarf of resistance
 B - the +6 chain mail of Ethics (worn) {rF++}
   (You found it on level 3 of the Elven Halls)

   rF++:      It greatly protects you from fire.
 N - a +2 hat of willpower (worn)
 P - a +4 kite shield of protection (worn)
 W - the +3 pair of mountain boots (worn) {steadfast, rC+}
   (You found it in a Gauntlet)

   Steadfast: It prevents involuntary movement, except for blinking,
   teleportation, or banishment.
   rC+:       It protects you from cold.
Magical Staves
 R - a staff of air
Jewellery
 d - the amulet of Tufonon (around neck) {RegenMP Str+2 Int+5}
   (You found it on level 3 of the Elven Halls)

   [amulet of magic regeneration]

   RegenMP:   It increases your rate of magic regeneration.
   Str+2:     It affects your strength (+2).
   Int+5:     It affects your intelligence (+5).
 j - a ring of positive energy
 u - a +6 ring of dexterity (left hand)
 x - a ring of protection from fire
 D - a ring of magical power (right hand)
 F - a ring of flight
 O - a +4 ring of slaying
 T - a ring of resist corrosion
 U - a ring of willpower
 X - a ring of see invisible
 Z - a ring of poison resistance
Wands
 f - a wand of quicksilver (28)
 H - a wand of mindburst (16)
 K - a wand of roots (46)
 L - a wand of digging (14) {@v3}
Scrolls
 b - 5 scrolls of immolation
 i - 8 scrolls of vulnerability
 k - a scroll of silence
 n - 9 scrolls of teleportation {@r3}
 q - a scroll of blinking {@r4}
 t - 2 scrolls of revelation
 Y - 5 scrolls of fog
Potions
 c - a potion of ambrosia
 g - 5 potions of cancellation
 l - 5 potions of lignification
 p - 3 potions of enlightenment
 r - 2 potions of might {@q3}
 w - 6 potions of haste {@q4}
 z - 3 potions of magic
 E - a potion of invisibility
 G - 6 potions of attraction
 I - 22 potions of curing {@q1}
 J - 5 potions of mutation
 M - a potion of berserk rage
 V - 6 potions of resistance {@q5}
Miscellaneous
 h - a condenser vane
 S - a lightning rod (4/4)


   Skills:
 - Level 22.0 Fighting
 - Level 17.1 Long Blades
 + Level 19.6 Armour
 + Level 16.2 Dodging
 - Level 15.0 Shields
 - Level 2.0 Spellcasting
 - Level 16.2 Invocations
 - Level 10.2 Evocations


You had 28 spell levels left.
You knew the following spells:

 Your Spells              Type           Power      Damage    Failure   Level
a - Apportation           Tloc           2%         N/A       71%         1

Your spell library contained the following spells:

 Spells                   Type           Power      Damage    Failure   Level
 Kiss of Death            Conj/Necr      4%         2d5       71%         1
 Necrotise                Necr           4%         1d4       71%         1
 Slow                     Hex            4%         N/A       71%         1
 Sting                    Conj/Alch      4%         1d3       71%         1
 Cigotuvi's Dreadful Rot  Necr/Alch/Air  2%         N/A       83%         2
 Ensorcelled Hibernation  Hex/Ice        2%         N/A       83%         2
 Mercury Vapours          Alch/Air       2%         N/A       83%         2
 Static Discharge         Conj/Air       2%         3-4/arc   83%         2
 Sublimation of Blood     Necr           1%         N/A       83%         2
 Confusing Touch          Hex            1%         N/A       97%         3
 Dazzling Flash           Conj/Hex       2%         N/A       97%         3
 Fugue of the Fallen      Necr           1%         N/A       97%         3
 Inner Flame              Hex/Fire       1%         N/A       97%         3
 Mephitic Cloud           Conj/Alch/Air  1%         N/A       97%         3
 Ozocubu's Armour         Ice            1%         N/A       97%         3
 Sigil of Binding         Hex            1%         N/A       97%         3
 Stone Arrow              Conj/Erth      2%         3d7       97%         3
 Vampiric Draining        Necr           1%         2d6       97%         3
 Volatile Blastmotes      Fire/Tloc      2%         2d10      97%         3
 Airstrike                Air            0%         2d(1-17)  100%        4
 Anguish                  Hex/Necr       0%         N/A       100%        4
 Brom's Barrelling Bould  Conj/Erth      1%         2d3       100%        4
 Dimensional Bullseye     Hex/Tloc       0%         N/A       100%        4
 Dispel Undead            Necr           1%         3d6       100%        4
 Flame Wave               Conj/Fire      1%         2d4       100%        4
 Fulminant Prism          Conj/Alch      0%         3d5       100%        4
 Ignite Poison            Fire/Alch      1%         N/A       100%        4
 Iskenderun's Mystic Bla  Conj/Tloc      1%         2d3       100%        4
 Manifold Assault         Tloc           1%         N/A       100%        4
 Olgreb's Toxic Radiance  Alch           1%         N/A       100%        4
 Passage of Golubria      Tloc           1%         N/A       100%        4
 Petrify                  Alch/Erth      1%         N/A       100%        4
 Sticky Flame             Fire/Alch      1%         2d4       100%        4
 Vhi's Electric Charge    Tloc/Air       2%         N/A       100%        4
 Arcjolt                  Conj/Air       0%         1d10      100%        5
 Borgnjor's Vile Clutch   Necr/Erth      0%         N/A       100%        5
 Curse of Agony           Necr           1%         N/A       100%        5
 Fireball                 Conj/Fire      0%         3d3       100%        5
 Freezing Cloud           Conj/Ice/Air   0%         6-21      100%        5
 Irradiate                Conj/Alch      0%         3d11      100%        5
 Iskenderun's Battlesphe  Conj           1%         2d6       100%        5
 Silence                  Hex/Air        0%         N/A       100%        5
 Yara's Violent Unravell  Hex/Alch       0%         3d3       100%        5
 Conjure Ball Lightning   Conj/Air       0%         3x3d6     100%        6
 Dispersal                Tloc           0%         N/A       100%        6
 Plasma Beam              Fire/Air       0%         2x1d10    100%        6
 Orb of Destruction       Conj           0%         9d5       100%        7
 Ozocubu's Refrigeration  Ice            0%         4d7       100%        7
 Discord                  Hex            0%         N/A       100%        8
 Disjunction              Tloc           0%         N/A       100%        8
 Ignition                 Fire           0%         3d3       100%        8
 Maxwell's Capacitive Co  Air            0%         ∞         100%        8
 Chain Lightning          Conj/Air       0%         2d1       100%        9
 Fire Storm               Conj/Fire      0%         6d1       100%        9
 Shatter                  Erth           0%         3d5*      100%        9
 Summon Small Mammal      Summ           Unusable   N/A       N/A         1
 Call Canine Familiar     Summ           Unusable   N/A       N/A         3
 Tukima's Dance           Hex            Unusable   N/A       N/A         3
 Martyr's Knell           Necr/Summ      Unusable   N/A       N/A         4
 Summon Lightning Spire   Summ/Air       Unusable   N/A       N/A         4
 Death Channel            Necr           Unusable   N/A       N/A         6
 Infestation              Necr           Unusable   N/A       N/A         8

Dungeon Overview and Level Annotations

Branches:
Dungeon (15/15)            Temple (1/1) D:4            Lair (5/5) D:10
  Swamp (4/4) Lair:3        Snake (4/4) Lair:3        Slime (0/5) Lair:4
    Orc (2/2) D:11            Elf (3/3) Orc:2        Vaults (4/5) D:14
  Crypt (0/3) Vaults:3     Depths (4/4) D:15            Zot (5/5) Depths:4
  IceCv (visited)         Gauntlet (visited)

Altars:
Ashenzari
Cheibriados
Dithmenos
Elyvilon
Fedhas
Gozag
Hepliaklqana
Kikubaaqudgha
Makhleb
Nemelex Xobeh
Okawaru
Qazlal
Ru
Sif Muna
Trog
Uskayaw
Vehumet
Wu Jian
Xom
Yredelemnul
Zin
The Shining One

Shops:
D:6 *   Orc:2 ***   Vaults:2 :   Vaults:3 (   Depths:4 =

Portals:
Hell: Depths:1 Depths:3 Depths:4
Abyss: Depths:2 Depths:3
Pandemonium: Depths:1 Depths:2
Ziggurat: Depths:1

Annotations:
D:4 1 exclusion
D:14 exclusion: door
Lair:5 exclusion: 3 oklob plants
Elf:2 3 runed translucent doors
Vaults:4 1 transporter, NigelTetley's ghost, veteran OnGl
Depths:2 1 exclusion
Depths:4 1 runed translucent door
Zot:1 1 runed translucent door, Calu's ghost, legendary KoHu


Innate Abilities, Weirdness & Mutations

You have razor-sharp teeth.
Your natural rate of healing is unusually fast.
When hurt, damage is shared between your health and your magic reserves.
Your bite disrupts and absorbs the magic of your enemies.
Potions cannot restore your health.
You are agile. (Dex +4, Str/Int -1)
Your magical capacity is low. (-10% MP)
You are strong-willed. (Will+)
You are somewhat resistant to further mutation.
Your system is resistant to poisons. (rPois)
Your muscles are strong. (Str +4, Int/Dex -1)


Message History

There is a stone staircase leading up here.
Things that are here:
a +0 mace; an orc skeleton You slice the Orb Guardian!!
You bite the Orb Guardian, but do no damage.
The Orb Guardian misses you.
You hit the Orb Guardian but do no damage.
You bite the Orb Guardian! You drain its power. The Orb Guardian hits you!!
You completely miss the Orb Guardian. You bite the Orb Guardian.
You drain its power.
You feel invigorated. You block the Orb Guardian's attack.
You slice the Orb Guardian!! You bite the Orb Guardian! You drain its power.
You feel invigorated. You block the Orb Guardian's attack.
You slice the Orb Guardian!! You bite the Orb Guardian. You drain its power.
You barely miss the Orb Guardian. You bite the Orb Guardian.
You kill the Orb Guardian!
Okawaru accepts your kill.
You climb upwards.
There is a stone staircase leading down here.
What level of the Dungeon? (default 1, ? - help)
A shadow demon comes into view.
There is a stone staircase leading up here.
You climb upwards.
There is a stone staircase leading down here.
There is a stone staircase leading up here.
You climb upwards.
There is a stone staircase leading down here.
An Executioner comes into view.
The Executioner gestures.
The Executioner seems to speed up.
The Executioner hits you but does no damage.
You block the Executioner's attack. x2
The Executioner hits you but does no damage.
The Executioner completely misses you. You block the Executioner's attack.
Blink to where?
Press: ? - help, Dir - move target
As you read the scroll of blinking {@r4}, it crumbles to dust.
Blink to where?
Press: ? - help, Dir - move target
As you read the scroll of blinking {@r4}, it crumbles to dust.
You have escaped!

#........#####.# #.#
## ##.#.#...#.....#
#.# #.......#.###.#
#.# ###.##........#
###.#
#.#############...#
#.# #ß≈≈≈≈≈≈≈ß#...#
#.# #.........#.#.####
#.###.........#.#....#
#...#@...ß....'.#.....
#####..1.ß....'.#....#
####........(#.#.#.##
#..#......§..#.#...#
#.##ß≈≈≈≈≈≈≈ß#.....#
#.############.....#
#.# #.#.#.####..## #.#
##.#........... #.#
#..###.##.##.##


You could see an Executioner (fast).

Vanquished Creatures
  2 ancient liches (Zot:5)
  2 dread liches (Zot:5)
  9 orbs of fire
  Mara (Vaults:2)
  A juggernaut (Depths:4)
  Saint Roka (Vaults:3)
  3 Killer Klowns (Zot:5)
  5 caustic shrikes (Depths:3)
  7 golden dragons
  A bone dragon (Depths:4)
  Norris (Depths:1)
  2 electric golems (Zot:5)
  Jorgrun (Orc:2)
  A hellephant (D:14)
  27 Orb Guardians
  14 tentacled monstrosities
  A lich (Depths:2)
  Asterion (Vaults:1)
  2 walking divine tomes (Depths:3)
  A deep elf master archer (Elf:3)
  A deep elf blademaster (Elf:3)
  A walking frostbound tome (Depths:3)
  6 quicksilver dragons
  7 tentacled starspawn
  Gastronok (Lair:2)
  Kirke (Lair:3)
  2 Executioners (Abyss:2)
  3 thorn hunters
  7 sphinxes
  5 tengu reavers
  9 death cobs
  13 storm dragons
  Roxanne (Swamp:3)
  4 shadow dragons
  4 protean progenitors (Zot:2)
  3 draconian knights
  5 nagarajas
  2 draconian monks
  A daeva (Abyss:3)
  11 fire giants
  2 draconian shifters (Zot:1)
  7 deep elf sorcerers (Elf:3)
  2 draconian stormcallers (Zot:1)
  2 draconian scorchers
  5 frost giants
  2 orc warlords
  5 deep elf elementalists (Elf:3)
  An iron dragon (Depths:3)
  8 vault wardens
  3 formless jellyfish
  3 draconian annihilators
  2 reapers
  10 stone giants
  7 deep elf demonologists (Elf:3)
  18 very ugly things
  15 ironbound preservers
  A spriggan defender (Depths:3)
  3 eleionomae
  4 red draconians
  A vampire knight (Depths:2)
  10 green draconians
  4 bunyips
  A black draconian (Zot:1)
  7 ironbound thunderhulks
  4 deep elf death magi
  6 deep elf annihilators (Elf:3)
  A minotaur (Gauntlet)
  The ghost of mn3067 the Grappler, a journeyman TrFi of Wu Jian (D:12)
  16 dire elephants
  2 lorocyprocas
  2 war gargoyles (Vaults:2)
  5 purple draconians
  5 white draconians
  2 crystal guardians (Vaults:2)
  7 spark wasps (Depths:3)
  6 yellow draconians
  6 fire dragons
  18 ettins
  3 deep elf high priests (Elf:3)
  5 entropy weavers
  6 yaktaur captains
  Josephine (D:13)
  A shambling mangrove (Swamp:4)
  3 great orbs of eyes
  Erolcha (D:12)
  2 jiangshi (Depths:2)
  A salamander tyrant (Snake:4)
  11 anacondas
  2 spriggan air magi
  4 peacekeepers
  21 hydras
  A catoblepas (Gauntlet)
  A hell beast (Depths:1)
  A rakshasa (Depths:3)
  13 alligators
  A ghost crab (Swamp:3)
  2 vault guards (Vaults:2)
  8 ice dragons
  10 two-headed ogres
  6 ironbound frosthearts
  8 centaur warriors
  2 ogre magi
  9 boulder beetles
  A fenstrider witch skeleton (Abyss:2)
  A merfolk avatar (Lair:5)
  3 death scarabs (D:14)
  7 deep troll earth magi
  5 deep troll shamans
  9 tengu warriors
  4 orc high priests
  An occultist (Abyss:2)
  3 vampire magi
  15 dancing weapons
  15 death yaks
  4 spriggan berserkers
  9 naga warriors
  8 naga sharpshooters
  3 shock serpents
  A soul eater (Abyss:3)
  3 thrashing horrors (Abyss:2)
  8 deep elf knights
  A sun demon (Depths:1)
  5 skysharks
  10 hell knights
  A salamander mystic (Depths:2)
  4 wretched stars (Abyss:3)
  8 iron trolls
  2 sixfirhies (Abyss:3)
  A storm dragon skeleton (D:15)
  A death drake (Abyss:2)
  A shadow demon (Depths:1)
  2 glowing orange brains
  6 spriggan druids
  60 deep trolls
  9 mana vipers
  2 skeletal warriors (D:15)
  6 goliath frogs
  A spatial maelstrom (Abyss:2)
  8 arcanists
  4 harpies
  34 starcursed masses
  4 flayed ghosts
  5 spectral wolf spiders
  Pikel (D:4)
  7 naga ritualists
  2 phantasmal warriors (Depths:2)
  17 swamp dragons
  8 bog bodies
  23 deep elf pyromancers
  15 lindwurms
  14 deep elf zephyrmancers
  10 deep elf archers
  13 ironbound convokers
  11 necromancers
  18 orc knights
  17 moths of wrath
  46 ugly things
  2 oklob plants (D:10)
  7 cyclopes
  8 manticores
  A shining eye (Abyss:3)
  A guardian serpent (shapeshifter) (Vaults:4)
  17 large abominations
  2 will-o-the-wisps
  A worldbinder (Abyss:3)
  4 salamanders
  18 elephants
  4 guardian serpents
  2 ice statues (IceCv)
  6 meliai
  44 black mambas
  2 kobold blastminers (Orc:2)
  9 naga magi
  2 rust devils
  19 vault sentinels
  2 human skeletons (Vaults:2)
  4 smoke demons
  2 torpor snails
  3 gargoyles
  2 human zombies (Vaults:2)
  16 cane toads
  An unseen horror (D:11)
  A minotaur zombie (Gauntlet)
  15 yaktaurs
  3 orange demons (Abyss:3)
  12 rime drakes
  A kobold demonologist (D:12)
  3 freezing wraiths
  8 komodo dragons
  Jeremiah (D:8)
  An efreet (D:14)
  6 tengu conjurers
  3 ancient zymes
  2 ice devils
  A polar bear (shapeshifter) (D:15)
  A yaktaur skeleton (Vaults:2)
  9 tyrant leeches
  A silent spectre (Abyss:3)
  7 trolls
  A hellwing (Depths:3)
  7 polar bears
  A wolf spider simulacrum (D:12)
  14 hornets
  2 wind drakes (Lair:5)
  3 tarantellas (D:14)
  2 glass eyes
  16 blink frogs
  4 raiju (Abyss:3)
  13 dream sheep
  6 saltlings (Orc:2)
  2 snapping turtles (Lair:5)
  A raiju (shapeshifter) (D:14)
  7 jumping spiders
  A snapping turtle (shapeshifter) (Depths:3)
  23 slime creatures
  A spriggan zombie (D:15)
  2 centaur simulacra (D:12)
  Sigmund (D:4)
  A spriggan skeleton (D:15)
  3 air elementals
  11 spriggans
  A spriggan (shapeshifter) (Elf:1)
  A shadow (D:11)
  12 wyverns
  8 water elementals
  5 wraiths
  42 yaks
  3 basilisks
  A fire bat (shapeshifter) (D:15)
  5 vampires
  3 ynoxinuls
  3 fire bats (Abyss:3)
  A fire elemental (Elf:3)
  4 hogs (Lair:3)
  11 wargs
  A warg (shapeshifter) (D:13)
  Grum (D:9)
  A golden eye (Lair:5)
  2 chaos spawn (Abyss:2)
  2 humans (Lair:3)
  5 redbacks
  5 steam dragons
  17 vampire mosquitoes
  A neqoxec (Abyss:3)
  A human simulacrum (Vaults:2)
  13 swamp worms
  40 nagas
  11 small abominations
  2 acid dragons
  A hell hound (Abyss:2)
  16 water moccasins
  A glowing shapeshifter skeleton (Vaults:2)
  A meliai simulacrum (D:12)
  An ice beast (shapeshifter) (D:13)
  24 orc warriors
  A black bear (D:4)
  17 laughing skulls
  An ice beast (D:8)
  9 swamp drakes
  5 ogres
  8 wolves
  16 centaurs
  9 boggarts
  2 lemures (D:4)
  A phantom (D:7)
  3 weeping skulls (Abyss:2)
  4 elf zombies (Elf:1)
  A kobold brigand (D:7)
  4 earth elementals
  A brain worm (Abyss:2)
  A gnoll sergeant (D:12)
  A bullfrog (shapeshifter) (Elf:2)
  11 bullfrogs
  A cane toad simulacrum (Lair:1)
  3 scorpions
  14 wights
  A hornet simulacrum (D:12)
  11 killer bees
  4 howler monkeys
  2 electric eels (Elf:2)
  A crimson imp (D:4)
  7 komodo dragon simulacra (IceCv)
  A hound (D:5)
  A quasit (Abyss:2)
  2 gnoll boudas
  3 iron imps (Abyss:2)
  3 bombardier beetles
  7 jellies
  19 orc priests
  2 sleepcaps
  Jessica (D:2)
  3 iguanas
  15 orc wizards
  A polar bear simulacrum (Lair:1)
  A wolf simulacrum (Lair:1)
  A boggart simulacrum (D:12)
  13 gnolls
  8 acid dragon simulacra (IceCv)
  8 adders
  A shadow imp (D:8)
  9 white imps
  6 steam dragon simulacra (IceCv)
  3 dart slugs
  3 ribbon worms
  58 orcs
  6 ball pythons
  11 endoplasms
  4 giant cockroaches
  5 goblins
  3 hobgoblins
  3 jackals (D:1)
  13 kobolds
  5 quokkas
  5 bats
  3 frilled lizards
  23 rats
  An aspiring flesh (Zot:2)
  3 starspawn tentacles (Abyss:2)
1989 creatures vanquished.

Vanquished Creatures (others)
  A storm dragon (Zot:1)
  A death cob (Zot:1)
  2 protean progenitors (Zot:1)
  A draconian shifter (Zot:1)
  2 draconian knights (Zot:1)
  A draconian scorcher (Zot:1)
  2 black draconians (Zot:1)
  3 red draconians (Zot:1)
  A yellow draconian (Zot:1)
  2 purple draconians (Zot:1)
  A hydra (Swamp:3)
  2 alligators (Swamp:3)
  A lightning spire (Depths:4)
  A will-o-the-wisp (Swamp:3)
  A vault sentinel (Vaults:4)
  A cane toad (Lair:5)
  2 bloated husks
  2 hornets (Swamp:3)
  14 foxfires
  A lurking horror (Abyss:3)
  14 starspawn tentacles
56 creatures vanquished.

Grand Total: 2045 creatures vanquished

Notes
Turn   | Place    | Note
-------+----------+-------------------------------------------
     0 | D:1      | momomo the Vine Stalker Monk began the quest for the Orb.
     0 | D:1      | Reached XP level 1. HP: 11/11 MP: 2/2
    65 | D:1      | Reached XP level 2. HP: 15/16 MP: 1/3
   228 | D:1      | Reached skill level 1 in Spellcasting
   342 | D:1      | You fall into a shaft and drop 1 floor!
   470 | D:1      | Reached skill level 3 in Fighting
   470 | D:1      | Reached XP level 3. HP: 20/20 MP: 5/5
   821 | D:2      | Identified the +2 ring mail "Heigofahoz" {rPois}
   889 | D:2      | Noticed Jessica
  1360 | D:2      | Found a faded altar of an unknown god.
  1516 | D:2      | Reached XP level 4. HP: 24/24 MP: 7/7
  1675 | D:2      | Found a faded altar of an unknown god.
  1705 | D:2      | Killed Jessica
  1821 | D:3      | Reached XP level 5. HP: 28/28 MP: 7/9
  2113 | D:3      | Found an ancient bone altar of Kikubaaqudgha.
  2298 | D:4      | Reached XP level 6. HP: 33/33 MP: 10/10
  2503 | D:4      | Noticed a black bear
  2521 | D:4      | Killed a black bear
  2522 | D:4      | Reached skill level 4 in Fighting
  2522 | D:4      | Reached skill level 5 in Long Blades
  2843 | D:4      | Found a staircase to the Ecumenical Temple.
  2857 | Temple   | Entered the Ecumenical Temple
  2879 | Temple   | Became a worshipper of Warmaster Okawaru
  2879 | Temple   | Reached * piety under Okawaru
  2879 | Temple   | Reached ** piety under Okawaru
  3089 | D:5      | Entered Level 5 of the Dungeon
  3089 | D:5      | Found a glowing silver altar of Zin.
  3098 | D:5      | Reached XP level 7. HP: 37/37 MP: 11/11
  3538 | D:5      | Found a sacrificial altar of Ru.
  3553 | D:5      | Found an ornate altar of the Wu Jian Council.
  3560 | D:5      | Found a stormy altar of Qazlal.
  3565 | D:5      | Found a sparkling altar of Nemelex Xobeh.
  3762 | D:5      | Gained mutation: You have razor-sharp teeth. [Vine Stalker
                  | growth]
  3762 | D:5      | Reached XP level 8. HP: 42/42 MP: 12/12
  4155 | D:5      | Reached skill level 5 in Fighting
  4211 | D:6      | Reached skill level 5 in Invocations
  4355 | D:6      | Found Otiteem's Assorted Antiques.
  4361 | D:6      | Bought an emerald potion for 30 gold pieces
  4361 | D:6      | Bought a crooked glass wand for 136 gold pieces
  4699 | D:7      | Reached skill level 1 in Evocations
  4763 | D:6      | Reached XP level 9. HP: 39/47 MP: 13/13
  4830 | D:7      | Reached *** piety under Okawaru
  5022 | D:7      | Reached skill level 6 in Fighting
  5281 | D:4      | Noticed Pikel
  5295 | D:4      | Killed Pikel
  5469 | D:4      | Found a burning altar of Makhleb.
  5469 | D:4      | Noticed Sigmund
  5478 | D:4      | Killed Sigmund
  5484 | D:4      | Found a radiant altar of Vehumet.
  5712 | D:8      | Reached skill level 5 in Evocations
  5712 | D:8      | Reached XP level 10. HP: 47/53 MP: 14/14
  5789 | D:8      | Noticed Jeremiah
  5798 | D:8      | Killed Jeremiah
  5798 | D:8      | Reached **** piety under Okawaru
  5848 | D:8      | Reached skill level 7 in Fighting
  6223 | D:8      | Found an opulent altar of Gozag.
  6324 | D:9      | Reached skill level 10 in Long Blades
  6431 | D:9      | Reached skill level 8 in Fighting
  6481 | D:9      | Reached XP level 11. HP: 59/60 MP: 16/16
  6482 | D:9      | Noticed Grum
  6490 | D:9      | Killed Grum
  6654 | D:9      | Reached skill level 1 in Shields
  6955 | D:10     | Entered Level 10 of the Dungeon
  7050 | D:10     | Reached skill level 9 in Fighting
  7055 | D:10     | Noticed an oklob plant
  7057 | D:10     | Found a staircase to the Lair.
  7086 | D:10     | Noticed an oklob plant
  7100 | D:10     | Noticed a two-headed ogre
  7107 | D:10     | Killed a two-headed ogre
  7559 | D:11     | Noticed a boulder beetle
  7569 | D:11     | Killed a boulder beetle
  7582 | D:11     | Found a staircase to the Orcish Mines.
  7649 | D:11     | Noticed a two-headed ogre
  7663 | D:11     | Killed a two-headed ogre
  7663 | D:11     | Reached ***** piety under Okawaru
  7666 | D:11     | Reached skill level 5 in Shields
  7715 | D:11     | Noticed a centaur warrior
  7715 | D:11     | Noticed an orc knight
  7716 | D:11     | Noticed a cyclops
  7736 | D:11     | Killed a centaur warrior
  7742 | D:11     | Killed a cyclops
  7771 | D:11     | Received a gift from Okawaru
  7783 | D:11     | Noticed a cyclops
  7795 | D:11     | Killed a cyclops
  7834 | D:11     | Noticed a manticore
  7844 | D:11     | Killed a manticore
  7866 | D:11     | Noticed a manticore
  7878 | D:11     | Killed a manticore
  7879 | D:11     | Reached skill level 10 in Fighting
  7879 | D:11     | Reached XP level 12. HP: 63/67 MP: 17/17
  7946 | D:11     | Received a gift from Okawaru
  8103 | D:11     | Noticed an ogre mage
  8115 | D:11     | Killed an ogre mage
  8584 | D:11     | Noticed a boulder beetle
  8600 | D:11     | Killed a boulder beetle
  8946 | D:12     | Noticed Erolcha
  8961 | D:12     | Killed Erolcha
  8962 | D:12     | Reached skill level 11 in Fighting
  9126 | D:12     | Found a runed translucent gate.
  9126 | D:12     | Found a runed translucent gate.
  9126 | D:12     | Found a runed translucent gate.
  9127 | D:12     | Noticed mn3067's ghost (journeyman TrFi)
  9582 | D:13     | Noticed a centaur warrior
  9584 | D:13     | Noticed a centaur warrior
  9750 | D:6      | Bought a potion of lignification for 102 gold pieces
  9750 | D:6      | Bought a scroll of blinking for 255 gold pieces
  9750 | D:6      | Bought a scroll of teleportation for 102 gold pieces
  9853 | D:10     | Reached skill level 12 in Fighting
  9916 | Lair:1   | Entered Level 1 of the Lair of Beasts
  9940 | Lair:1   | Reached XP level 13. HP: 76/76 MP: 18/18
  9968 | Lair:1   | Found a gate leading to a gauntlet.
  9984 | Gauntlet | Entered a Gauntlet
  9984 | Gauntlet | Found a transporter.
  9984 | Gauntlet | Found a transporter.
  9985 | Gauntlet | Found a transporter.
  9989 | Gauntlet | Found a transporter.
  9989 | Gauntlet | Found a transporter.
  9999 | Gauntlet | Found a transporter.
  9999 | Gauntlet | Found a transporter.
 10023 | Gauntlet | Found a transporter.
 10027 | Gauntlet | Found a transporter.
 10027 | Gauntlet | Found a large runed translucent door.
 10028 | Gauntlet | Found a large runed translucent door.
 10029 | Gauntlet | Found a large runed translucent door.
 10029 | Gauntlet | Found a large runed translucent door.
 10029 | Gauntlet | Found a large runed translucent door.
 10030 | Gauntlet | Found a runed translucent door.
 10031 | Gauntlet | Found a transporter.
 10033 | Gauntlet | Found a runed translucent door.
 10034 | Gauntlet | Found a large runed translucent door.
 10034 | Gauntlet | Found a large runed translucent door.
 10034 | Gauntlet | Found a large runed translucent door.
 10035 | Gauntlet | Found a large runed translucent door.
 10035 | Gauntlet | Found a large runed translucent door.
 10035 | Gauntlet | Found a large runed translucent door.
 10036 | Gauntlet | Found a large runed translucent door.
 10036 | Gauntlet | Found a large runed translucent door.
 10037 | Gauntlet | Found a runed translucent gate.
 10037 | Gauntlet | Found a runed translucent gate.
 10037 | Gauntlet | Found a runed translucent gate.
 10075 | Gauntlet | Identified the +2 chain mail of the Accordion {Int+5}
 10086 | Gauntlet | Reached skill level 1 in Armour
 10109 | Gauntlet | Found a transporter.
 10134 | Gauntlet | Found a large runed translucent door.
 10136 | Gauntlet | Found a large runed translucent door.
 10136 | Gauntlet | Found a large runed translucent door.
 10150 | Gauntlet | Found a transporter.
 10240 | Gauntlet | Noticed a minotaur
 10240 | Gauntlet | Found the +3 pair of mountain boots {steadfast, rC+}
 10240 | Gauntlet | Found the +8 autumn katana {manifold assault}
 10250 | Gauntlet | Killed a minotaur
 10344 | Lair:1   | Found a frozen archway.
 10371 | IceCv    | Entered an ice cave
 10611 | IceCv    | Identified the +6 flail of Wyrd {protect, ^Drain Str+8}
 10723 | IceCv    | Noticed a white draconian
 10744 | IceCv    | Killed a white draconian
 11135 | Lair:1   | Reached skill level 5 in Dodging
 11356 | Lair:1   | Received a gift from Okawaru
 11533 | Lair:2   | Noticed Gastronok
 11653 | Lair:1   | Reached skill level 5 in Armour
 11661 | Lair:1   | Reached skill level 13 in Fighting
 11896 | Lair:2   | Reached XP level 14. HP: 70/82 MP: 19/19
 12107 | Lair:2   | Received a gift from Okawaru
 12253 | Lair:2   | Killed Gastronok
 12853 | Lair:3   | Noticed Kirke
 12931 | Lair:3   | Killed Kirke
 12931 | Lair:3   | Received a gift from Okawaru
 13001 | Lair:3   | Found a staircase to the Snake Pit.
 13163 | Lair:3   | Found a staircase to the Swamp.
 13681 | Lair:4   | Received a gift from Okawaru
 14187 | Lair:4   | Found a staircase to the Slime Pits.
 14451 | Lair:5   | Entered Level 5 of the Lair of Beasts
 14469 | Lair:5   | Received a gift from Okawaru
 14478 | Lair:5   | Reached XP level 15. HP: 76/87 MP: 22/22
 14553 | Lair:5   | Reached skill level 14 in Fighting
 15062 | Lair:5   | Paralysed by a hornet for 1 turns
 15272 | Lair:5   | Received a gift from Okawaru
 15920 | Lair:5   | Identified 2 scrolls of acquirement
 16077 | Orc:1    | Entered Level 1 of the Orcish Mines
 16197 | D:12     | Killed mn3067's ghost
 16451 | D:13     | Reached skill level 15 in Fighting
 16990 | D:14     | Noticed Josephine
 17004 | D:13     | Killed Josephine
 17344 | D:14     | Received a gift from Okawaru
 17345 | D:14     | Reached skill level 10 in Dodging
 17405 | D:14     | Reached XP level 16. HP: 88/95 MP: 23/23
 17672 | D:14     | Found a runed translucent door.
 17937 | D:14     | Found a gate to the Vaults.
 17987 | D:14     | Found a runed translucent gate.
 17987 | D:14     | Found a runed translucent gate.
 17987 | D:14     | Found a runed translucent gate.
 17987 | D:14     | Found a runed translucent gate.
 17996 | D:14     | Identified the +0 hat of Privacy {Rampage *Corrode rN+}
 18000 | D:14     | Found a runed translucent gate.
 18002 | D:14     | Found a runed translucent gate.
 18020 | D:14     | Received a gift from Okawaru
 18074 | D:14     | Reached skill level 16 in Fighting
 18118 | D:14     | Identified the ring of the Winnowing Queen {Fly Str+7 Dex-3
                  | Slay-6}
 18163 | D:15     | Entered Level 15 of the Dungeon
 18232 | D:15     | Found a staircase to the Depths.
 18384 | D:15     | Received a gift from Okawaru
 19118 | Orc:2    | Entered Level 2 of the Orcish Mines
 19133 | Orc:2    | Noticed Jorgrun
 19156 | Orc:2    | Killed Jorgrun
 19260 | Orc:2    | Received a gift from Okawaru
 19531 | Orc:2    | Found Dacegiur's General Store.
 19567 | Orc:2    | Found Hyig Locs's Distillery.
 19609 | Orc:2    | Bought a potion of cancellation for 112 gold pieces
 19655 | Orc:2    | Reached skill level 10 in Invocations
 19664 | Orc:2    | Found Ucotsof's General Store.
 19670 | Orc:2    | Bought a scroll of enchant armour for 105 gold pieces
 19749 | Orc:2    | Found a staircase to the Elven Halls.
 19957 | Orc:2    | Found Fyamycs's General Store.
 20163 | Orc:1    | Received a gift from Okawaru
 20164 | Orc:1    | Reached skill level 10 in Shields
 20429 | Orc:1    | Reached XP level 17. HP: 66/99 MP: 25/25
 20833 | Orc:2    | Acquired the +0 pair of gloves "Xotoesah" {rPois rC+}
 20834 | Orc:2    | Acquired a +1 heavy double sword
 20835 | Orc:2    | Acquired 1126 gold pieces
 21097 | Elf:1    | Entered Level 1 of the Elven Halls
 21518 | Elf:1    | Got Jupihiek's Volume of Unholy Rites
 21564 | Elf:1    | Reached skill level 17 in Fighting
 21773 | Elf:1    | Received a gift from Okawaru
 22519 | Elf:2    | Paralysed by an air elemental for 1 turns
 22649 | Elf:2    | Received a gift from Okawaru
 22655 | Elf:2    | Found a runed translucent gate.
 22656 | Elf:2    | Found a runed translucent gate.
 22656 | Elf:2    | Found a runed translucent gate.
 22982 | Elf:3    | Entered Level 3 of the Elven Halls
 23116 | Elf:3    | Identified the +1 plate armour of Vicuoj {Will++ Int-2}
 23201 | Elf:3    | Identified the +6 chain mail of Ethics {rF++}
 23377 | Elf:3    | Got the Tome of the Lithic Gathering
 23678 | Elf:3    | Reached ****** piety under Okawaru
 24214 | Elf:3    | Noticed a deep elf master archer
 24249 | Elf:3    | Killed a deep elf master archer
 24250 | Elf:3    | Reached XP level 18. HP: 50/109 MP: 25/27
 24303 | Elf:3    | Acquired the +3 scimitar of Imimuy {vamp, Stlth+}
 24303 | Elf:3    | Received a gift from Okawaru
 24327 | Elf:3    | Received a gift from Okawaru
 24372 | Elf:3    | Acquired a +6 vampiric demon blade
 24406 | Elf:3    | Noticed a deep elf blademaster
 24423 | Elf:3    | Killed a deep elf blademaster
 24547 | Elf:3    | Identified the +5 ring mail of Recklessness {-Tele Rampage
                  | rElec rF++}
 24591 | Elf:3    | Reached skill level 18 in Fighting
 24610 | Elf:3    | Identified the staff of Evisceration {rC+ Hexes Ice}
 24610 | Elf:3    | Identified the +1 leather armour "Jivipiab" {rF+ rN++ rCorr
                  | Dex-5}
 24690 | Elf:3    | Identified the staff "Loopy" {Dex+2 Conj}
 24701 | Elf:3    | Identified the staff of the Warrior-Mage {rPois rN+ rCorr
                  | Int+2 Dex-2 Alchemy}
 24726 | Elf:3    | Identified the +2 rapier "Goblinslayer" {freeze, +Blink
                  | rPois Will- Dex+3}
 24738 | Elf:3    | Identified the staff "Pitepn" {rPois rC+ rN+ MP-9 Conj
                  | Necro}
 24754 | Elf:3    | Got Cudghy's Folio of Fulgent Topology
 24893 | Elf:3    | Identified the amulet of Tufonon {RegenMP Str+2 Int+5}
 25134 | Snake:1  | Entered Level 1 of the Snake Pit
 25281 | Snake:1  | Identified the +8 sling of Eternal Harmony {flame, Dex+3}
 25302 | Snake:1  | Reached skill level 10 in Armour
 25640 | Snake:1  | Acquired a +1 cloak of preservation
 25640 | Snake:1  | Received a gift from Okawaru
 25904 | Snake:1  | Received a gift from Okawaru
 26154 | Snake:1  | Found a white marble altar of Elyvilon.
 26705 | Snake:2  | Got the Verses on Displaced Caskets
 26751 | Snake:2  | Found a glowing silver altar of Zin.
 26979 | Snake:2  | Reached skill level 19 in Fighting
 27294 | Snake:3  | Acquired a manual of Armour
 27365 | Snake:3  | Received a gift from Okawaru
 27483 | Snake:3  | Reached XP level 19. HP: 95/116 MP: 28/28
 27821 | Snake:4  | Entered Level 4 of the Snake Pit
 27988 | Snake:4  | Received a gift from Okawaru
 28095 | Snake:4  | Got a serpentine rune of Zot
 28642 | Snake:4  | Received a gift from Okawaru
 29081 | Swamp:1  | Entered Level 1 of the Swamp
 29576 | Swamp:2  | Received a gift from Okawaru
 30000 | Swamp:3  | Noticed Roxanne
 30027 | Swamp:4  | Entered Level 4 of the Swamp
 30229 | Swamp:3  | Found a basalt altar of Yredelemnul.
 30236 | Swamp:3  | Received a gift from Okawaru
 30842 | Swamp:3  | Killed Roxanne
 30899 | Swamp:4  | Noticed a tentacled monstrosity
 30915 | Swamp:4  | Killed a tentacled monstrosity
 30963 | Swamp:4  | Noticed a tentacled monstrosity
 30985 | Swamp:4  | Killed a tentacled monstrosity
 30988 | Swamp:4  | Reached skill level 15 in Shields
 31000 | Swamp:4  | Reached XP level 20. HP: 120/123 MP: 29/29
 31171 | Swamp:4  | Received a gift from Okawaru
 31420 | Swamp:4  | Got a decaying rune of Zot
 32158 | Vaults:1 | Entered Level 1 of the Vaults
 32213 | Vaults:1 | Noticed Asterion
 32232 | Vaults:1 | Gained mutation: You occasionally lose the ability to drink
                  | potions when taking damage. [a cacodemon]
 32233 | Vaults:1 | Killed Asterion
 32233 | Vaults:1 | Received a gift from Okawaru
 32236 | Vaults:1 | Lost mutation: You occasionally lose the ability to drink
                  | potions when taking damage. [potion of mutation]
 32236 | Vaults:1 | Gained mutation: You have large cloven feet. [potion of
                  | mutation]
 32236 | Vaults:1 | Gained mutation: Your health recovers twice as slowly from
                  | being drained. [potion of mutation]
 32236 | Vaults:1 | Gained mutation: Your body sometimes deteriorates upon
                  | taking damage. [potion of mutation]
 32409 | Vaults:1 | Reached skill level 15 in Armour
 32413 | Vaults:1 | Reached skill level 20 in Fighting
 33847 | Vaults:2 | Received a gift from Okawaru
 34094 | Vaults:2 | Reached XP level 21. HP: 93/123 MP: 30/30
 34430 | Vaults:2 | Noticed Mara
 34451 | Vaults:2 | Killed Mara
 34531 | Vaults:2 | Received a gift from Okawaru
 34543 | Vaults:2 | Found Ufiggi's Book Shop.
 35016 | Vaults:2 | Found a portal to a secret trove of treasure.
 35381 | Vaults:3 | Received a gift from Okawaru
 35425 | Vaults:3 | Found Toerch's Antique Weapon Boutique.
 35809 | Vaults:3 | Found a staircase to the Crypt.
 36518 | Vaults:4 | Reached skill level 21 in Fighting
 36521 | Vaults:4 | Identified the +5 longbow "Vusir" {flame, rElec rC+ SInv}
 36527 | Vaults:4 | Noticed Saint Roka
 36617 | Vaults:3 | Received a gift from Okawaru
 36689 | Vaults:3 | Killed Saint Roka
 36690 | Vaults:3 | Reached XP level 22. HP: 68/135 MP: 31/31
 36903 | Vaults:4 | Found a transporter.
 36904 | Vaults:4 | Identified the +7 great mace "Beetlebane" {heavy, rPois
                  | Stlth+}
 36904 | Vaults:4 | Identified the +0 great mace of Annihilation {flame, *Slow
                  | rF+++ Str-3 Dex+2}
 36906 | Vaults:4 | Noticed NigelTetley's ghost (veteran OnGl)
 37034 | Vaults:4 | Received a gift from Okawaru
 37861 | Depths:1 | Entered Level 1 of the Depths
 37899 | Depths:1 | Found a gateway to Hell.
 38083 | Depths:1 | Received a gift from Okawaru
 38275 | Depths:1 | Found a one-way gate leading to the halls of Pandemonium.
 38328 | Depths:1 | Found a stormy altar of Qazlal.
 38460 | Depths:1 | Noticed Norris
 38486 | Depths:1 | Killed Norris
 38640 | Depths:1 | Found a one-way gateway to a ziggurat.
 38918 | Depths:2 | Received a gift from Okawaru
 39476 | Depths:2 | Found a one-way gate to the infinite horrors of the Abyss.
 39584 | Depths:2 | Reached XP level 23. HP: 87/141 MP: 32/32
 39881 | Depths:3 | Reached skill level 22 in Fighting
 40152 | Depths:3 | Noticed a caustic shrike
 40162 | Depths:3 | Killed a caustic shrike
 40162 | Depths:3 | Noticed a caustic shrike
 40174 | Depths:3 | Received a gift from Okawaru
 40179 | Depths:3 | Killed a caustic shrike
 40194 | Depths:3 | Noticed a caustic shrike
 40216 | Depths:3 | Noticed a caustic shrike
 40227 | Depths:3 | Killed a caustic shrike
 40232 | Depths:3 | Noticed a caustic shrike
 40241 | Depths:3 | Killed a caustic shrike
 40253 | Depths:3 | Killed a caustic shrike
 40302 | Depths:3 | Noticed a golden dragon
 40313 | Depths:3 | Killed a golden dragon
 40361 | Depths:3 | Noticed a golden dragon
 40370 | Depths:3 | Killed a golden dragon
 40439 | Depths:3 | Noticed a golden dragon
 40447 | Depths:3 | Killed a golden dragon
 40533 | Depths:3 | Received a gift from Okawaru
 41264 | Depths:4 | Entered Level 4 of the Depths
 41266 | Depths:4 | Noticed a juggernaut
 41276 | Depths:4 | Killed a juggernaut
 41289 | Depths:3 | Received a gift from Okawaru
 41378 | Depths:4 | Found a runed translucent door.
 41504 | Depths:4 | Reached XP level 24. HP: 125/147 MP: 33/33
 41595 | Depths:4 | Reached skill level 15 in Long Blades
 41629 | Depths:4 | Found Irataenk's Jewellery Shoppe.
 42107 | Depths:4 | Found a gate to the Realm of Zot.
 42229 | Depths:3 | Voluntarily entered the Abyss.
 42318 | Abyss:2  | Found a corrupted altar of Lugonu.
 42424 | Abyss:2  | Found a corrupted altar of Lugonu.
 42433 | Abyss:2  | Received a gift from Okawaru
 42481 | Abyss:2  | Reached skill level 10 in Evocations
 42682 | Abyss:2  | Found an iron altar of Okawaru.
 43044 | Abyss:3  | Lost mutation: Your body sometimes deteriorates upon taking
                  | damage. [potion of mutation]
 43044 | Abyss:3  | Lost mutation: Your health recovers twice as slowly from
                  | being drained. [potion of mutation]
 43044 | Abyss:3  | Gained mutation: You are clumsy. (Dex -2) [potion of
                  | mutation]
 43044 | Abyss:3  | Gained mutation: Your mind is acute. (Int +4, Str/Dex -1)
                  | [potion of mutation]
 43187 | Abyss:3  | Found a corrupted altar of Lugonu.
 43396 | Abyss:3  | Got an abyssal rune of Zot
 43403 | Depths:3 | Escaped the Abyss
 43688 | Vaults:2 | You showed the abyssal rune of Zot to enter a treasure
                  | trove
 43689 | Trove    | Entered a treasure trove
 43710 | Trove    | Identified the +0 leather armour "Lulup" {SInv}
 43711 | Trove    | Identified the +4 scale mail of Boiling Hail {Int+6}
 43757 | Vaults:2 | Learned a level 1 spell: Apportation
 43999 | Orc:2    | Bought a potion of curing for 51 gold pieces
 44017 | Orc:2    | Bought a potion of mutation for 96 gold pieces
 44017 | Orc:2    | Bought a wand of mindburst (10) for 168 gold pieces
 44035 | Orc:2    | Bought a potion of curing for 42 gold pieces
 44035 | Orc:2    | Bought a potion of curing for 42 gold pieces
 44035 | Orc:2    | Bought a potion of curing for 42 gold pieces
 44035 | Orc:2    | Bought a potion of curing for 42 gold pieces
 44035 | Orc:2    | Bought a potion of curing for 42 gold pieces
 44035 | Orc:2    | Bought a potion of mutation for 112 gold pieces
 44035 | Orc:2    | Bought a potion of enlightenment for 70 gold pieces
 44054 | Orc:2    | Bought a wand of digging (6) for 352 gold pieces
 44054 | Orc:2    | Bought 2 potions of mutation for 224 gold pieces
 44339 | Zot:1    | Entered Level 1 of the Realm of Zot
 44532 | Zot:1    | Received a gift from Okawaru
 44782 | Zot:1    | Found a runed translucent door.
 44782 | Zot:1    | Found a shimmering altar of Xom.
 44782 | Zot:1    | Noticed Calu's ghost (legendary KoHu)
 44789 | Zot:2    | Noticed an orb of fire
 44790 | Zot:2    | Gained mutation: Armour fits poorly on your strangely
                  | shaped body. [an orb of fire]
 44828 | Zot:2    | Reached XP level 25. HP: 99/151 MP: 34/34
 44837 | Zot:2    | Received a gift from Okawaru
 44995 | Zot:2    | Reached skill level 15 in Dodging
 45052 | Zot:2    | Killed an orb of fire
 45197 | Zot:2    | Noticed an orb of fire
 45198 | Arena    | Entered the Arena
 45213 | Arena    | Killed an orb of fire
 45495 | Zot:5    | Entered Level 5 of the Realm of Zot
 45515 | Zot:5    | Reached skill level 15 in Invocations
 46085 | Zot:5    | Noticed an orb of fire
 46091 | Zot:5    | Gained mutation: Your body sometimes deteriorates upon
                  | taking damage. [an orb of fire]
 46093 | Zot:5    | Gained mutation: Your system is resistant to poisons.
                  | (rPois) [an orb of fire]
 46100 | Zot:5    | Killed an orb of fire
 46101 | Zot:5    | Noticed an orb of fire
 46131 | Zot:5    | Killed an orb of fire
 46131 | Zot:5    | Noticed an orb of fire
 46146 | Zot:5    | Gained mutation: Your magical capacity is low. (-10% MP)
                  | [an orb of fire]
 46147 | Zot:5    | Killed an orb of fire
 46164 | Zot:5    | Noticed an orb of fire
 46164 | Zot:5    | Noticed an orb of fire
 46186 | Zot:5    | Killed an orb of fire
 46213 | Zot:5    | Killed an orb of fire
 46279 | Zot:5    | Noticed an ancient lich
 46295 | Zot:5    | Noticed a Killer Klown
 46297 | Zot:5    | Killed an ancient lich
 46311 | Zot:5    | Killed a Killer Klown
 46311 | Zot:5    | Received a gift from Okawaru
 46316 | Zot:5    | Noticed an orb of fire
 46333 | Zot:5    | Gained mutation: Your magical capacity is very low. (-20%
                  | MP) [an orb of fire]
 46341 | Zot:5    | Killed an orb of fire
 46362 | Zot:5    | Noticed a Killer Klown
 46364 | Zot:5    | Noticed a dread lich
 46380 | Zot:5    | Killed a dread lich
 46393 | Zot:5    | Killed a Killer Klown
 46593 | Zot:5    | Noticed a dread lich
 46615 | Zot:5    | Killed a dread lich
 46616 | Zot:5    | Reached XP level 26. HP: 142/156 MP: 28/28
 46984 | Zot:5    | Noticed an ancient lich
 47003 | Zot:5    | Killed an ancient lich
 47113 | Zot:5    | Noticed a Killer Klown
 47127 | Zot:5    | Killed a Killer Klown
 47184 | Zot:5    | Noticed an orb of fire
 47210 | Zot:5    | Killed an orb of fire
 47724 | Zot:5    | Lost mutation: Your mind is acute. (Int +4, Str/Dex -1)
                  | [potion of mutation]
 47724 | Zot:5    | Lost mutation: Your magical capacity is very low. (-20% MP)
                  | [potion of mutation]
 47724 | Zot:5    | Lost mutation: You are clumsy. (Dex -2) [potion of
                  | mutation]
 47724 | Zot:5    | Gained mutation: You are agile. (Dex +4, Str/Int -1)
                  | [potion of mutation]
 47725 | Zot:5    | Lost mutation: You are agile. (Dex +4, Str/Int -1) [potion
                  | of mutation]
 47725 | Zot:5    | Lost mutation: Armour fits poorly on your strangely shaped
                  | body. [potion of mutation]
 47725 | Zot:5    | Gained mutation: You sometimes lose your temper in combat.
                  | [potion of mutation]
 47725 | Zot:5    | Gained mutation: You are agile. (Dex +4, Str/Int -1)
                  | [potion of mutation]
 47725 | Zot:5    | Gained mutation: Your muscles are strong. (Str +4, Int/Dex
                  | -1) [potion of mutation]
 47726 | Zot:5    | Lost mutation: You have large cloven feet. [potion of
                  | mutation]
 47726 | Zot:5    | Lost mutation: Your body sometimes deteriorates upon taking
                  | damage. [potion of mutation]
 47726 | Zot:5    | Lost mutation: You sometimes lose your temper in combat.
                  | [potion of mutation]
 47726 | Zot:5    | Gained mutation: You are somewhat resistant to further
                  | mutation. [potion of mutation]
 47726 | Zot:5    | Gained mutation: You are strong-willed. (Will+) [potion of
                  | mutation]
 47729 | Zot:5    | Got the Orb of Zot
 47826 | Zot:2    | Noticed Xiemamit the pandemonium lord
 47908 | Depths:3 | Noticed Deshragh the pandemonium lord
 48157 | D:10     | Noticed Vyngyel the pandemonium lord
 48335 | D:$      | Escaped with the Orb!

Illustrated notes

Levels and vault maps discovered:
D:1:      lightli_arrival_noodles, layout_loops_ring
D:2:      layout_basic, basic_ecumenical_altar, kennysheep_doodads, uniq_jessica
D:3:      layout_basic, lemuel_round_altar, dk_noncrumbling_3, minmay_rat_hole
D:4:      layout_basic, grunt_temple_overflow_lords_of_destruction,
          minmay_temple_entry_purple_smoke, uniq_sigmund, uniq_pikel
D:5:      layout_cave_pods, mainiacjoe_overflow_concentric_impassable,
          minmay_overflow_temple_star_quad, lemuel_crystal_altar
D:6:      layout_rooms, serial_shops, shop, hex_large
D:7:      layout_rooms, grunt_ministairs_7
D:8:      layout_rooms, lemuel_round_altar, uniq_jeremiah
D:9:      layout_roguey, uniq_grum
D:10:     layout_basic, dpeg_oklobed_lair
D:11:     hangedman_cross_veins, layout_loops_cross, orc_0_dummy
D:12:     layout_irregular_city, gammafunk_ghost_necromancy,
          serial_bayou_pond_e, uniq_erolcha
D:13:     layout_long_grid, statue_in_the_mist_lemuel
D:14:     gammafunk_indiana_jones, layout_cave_pools, david_vaults_4, hex_tiny,
          feat_on_display, uniq_josephine
D:15:     gammafunk_depths_entry_grave, layout_stronghold,
          minmay_misc_feat_ornament
Temple:   compressed_dpeg_triangle_lava_temple
Lair:1:   layout_cave_shapes, portal_ice_cave_entry_ice_simulacra,
          gauntlet_entry_generic, minmay_holes, nicolae_lair_grazing_beasts
          [nicolae_sub_lair_graze_edge, nicolae_sub_lair_graze_edge,
          nicolae_sub_lair_graze_edge, nicolae_sub_lair_graze_edge],
          infiniplex_staircase_pool_2, lemuel_fruit_fields
Lair:2:   layout_loops_ring, uniq_gastronok
Lair:3:   layout_big_grid, mainiacjoe_swamp_entry_angry_trees,
          guppyfry_snake_entry_garden, uniq_kirke
Lair:4:   layout_gridlike, nicolae_slime_entry_field_trip, serial_rivers,
          chequers_serial_rivers_micro_c, chequers_serial_rivers_small_b,
          chequers_serial_rivers_large_b, chequers_serial_rivers_room_a,
          chequers_serial_rivers_micro_b, beast_lair_carwin_10,
          grunt_megastairs_4
Lair:5:   gammafunk_lair_ancient_temple, layout_cave_pods, disabler_island
Swamp:1:  layout_basic_swamp, evilmike_swamp_ruin_house_3
Swamp:2:  layout_basic_swamp, nicolae_swamp_long_stream
Swamp:3:  layout_basic_swamp, serial_swamp_ruin, evilmike_swamp_ruin_wall,
          evilmike_swamp_ruin_rubble_2, evilmike_swamp_ruin_house_2,
          swamp_pool_1_2, nicolae_swamp_stair_fork, grunt_ruined_hall,
          uniq_roxanne
Swamp:4:  swamp_basic_johnstein, layout_basic_swamp, swamp_pool_4
Snake:1:  layout_chambers, basic_altar, nicolae_coiled_stairwell_down,
          grunt_megastairs_5
Snake:2:  layout_gridlike, basic_altar
Snake:3:  layout_rooms, nicolae_elevator_lobby_asterisk
Snake:4:  hellmonk_snake_rune_quicksilver_temple, layout_misc_corridors,
          nicolae_snake_gridmaze_waves
Orc:1:    layout_diamond_mine, nicolae_orc_all_along_the_watchtower
Orc:2:    hellmonk_orc_salted, layout_caves, uniq_jorgrun
Elf:1:    layout_geoelf_grid, minmay_elf_necromancy
Elf:2:    nicolae_elf_blades_crystal_corner, layout_geoelf_grid, minivault_16,
          chequers_big_river
Elf:3:    minmay_elf_hall_x, layout_onion_city, kilobyte_mutagenic_chamber
Vaults:1: nicolae_vaults_mitosis, vaults_room_corners,
          nicolae_vaults_sightless_eye, nicolae_vaults_storage_room_glass,
          vaults_mumra_minichess, ontoclasm_vaults_gateway,
          nicolae_vaults_closet_pinwheel_4, hangedman_vaults_restitches,
          layout_vaults_omnigrid, uniq_asterion
Vaults:2: nicolae_vaults_arrows, nicolae_vaults_little_squares_5,
          grunt_vaults_hallway_short, nicolae_vaults_offset_grid_hallway_3,
          nicolae_vaults_hexular_roomagon, nicolae_vaults_shrinking_rooms_1,
          nicolae_vaults_diamond_2, grunt_vaults_hallway_long,
          nicolae_vaults_diamond_1, nicolae_vaults_rhombus_7,
          nicolae_vaults_trapezoid_lopsided_2, layout_vaults_chaotic_city,
          nicolae_trove_entry_columns, serial_shops, nicolae_shop_trees,
          uniq_mara
Vaults:3: nicolae_vaults_alarming, v_misc_9, st_cells, vaults_mumra_lcd,
          hangedman_vaults_variations, nicolae_vaults_trapezoid_1,
          minmay_crypt_entry_vampire_xt, serial_library_hellmonk_angled_corner,
          vaults_mumra_chevron, nicolae_vaults_puzzle_piece,
          nicolae_vaults_house_2, v_misc_26, nicolae_vaults_theta,
          vaults_room_pool, serial_ice_m, layout_vaults_omnibox, serial_shops,
          nicolae_shop_pleasant_corner_grove
Vaults:4: gammafunk_ghost_smash, nicolae_vaults_shrinking_rooms_2,
          nicolae_vaults_little_squares_1, nicolae_vaults_diamond_2,
          vaults_room_corners, dpeg_vaults_monster_box, hangedman_vaults_pinch,
          nicolae_vaults_diagonal_hallway_9, v_misc_1, grunt_vaults_diagonal,
          nicolae_vaults_lightning_bolt, vaults_mumra_chevron_long, v_misc_12,
          v_alt_pattern_1, nicolae_vaults_tetromino_L_1,
          nicolae_vaults_tetromino_L_1, nicolae_vaults_specimen_jars,
          layout_vaults_omnicross, uniq_saint_roka
Depths:1: layout_gridlike, enter_ziggurat_b, rand_demon_pan_entry_4, hell_entry,
          nicolae_qazlal_eye_of_the_storm, evilmike_butchery, uniq_norris
Depths:2: regret_index_uskayaw_diablada_macabre, layout_gridlike,
          nicolae_concentric_dashed_squares_mild, abyss_entry,
          rand_demon_pan_entry_1, hellmouth_1, minmay_staircase_windowed_large,
          serial_bayou_shore_b
Depths:3: grunt_runaround [grunt_runaround_loot, grunt_runaround_doors_1,
          grunt_runaround_doors_2, grunt_runaround_doors_3,
          grunt_runaround_doors_4], hell_entry, abyss_entry
Depths:4: grunt_zot_entry_gee_three, layout_cave_pools, hell_entry,
          serial_shops, nicolae_shop_stone, chequers_serial_rivers_micro_b,
          hangedman_aerie_drop
Zot:1:    layout_onion_interference, ebering_ghost_xom
Zot:2:    layout_misc_corridors, lemuel_lake_of_fire,
          regret_index_zotdec_banners
Zot:3:    gammafunk_sealed_arena, layout_onion,
          regret_index_zotdec_glowing_original, st_large_dragon_hoard_1
Zot:4:    layout_onion_interference, lemuel_elevator
Zot:5:    layout_misc_corridors

Skill      XL: |  1  2  3  4  5  6  7  8  9 10 11 12 13 14 15 16 17 18 19 20 21 22 23 24 25 26 |
---------------+-------------------------------------------------------------------------------+-----
Long Blades    | 3 4 5 6 7 8 10 11 12 13 14 15 16 17 | 17.1
Spellcasting   | 1 2 |  2.0
Fighting       | 3 4 5 6 8 10 12 13 15 16 17 19 20 21 22 | 22.0
Invocations    | 2 4 5 6 8 9 10 11 12 14 15 16 | 16.2
Evocations     | 1 5 6 8 9 10 | 10.2
Dodging        | 3 7 9 10 11 12 13 14 15 16 | 16.2
Shields        | 6 9 10 12 15 | 15.0
Armour         | 5 8 10 13 15 16 17 18 19 | 19.6

Action                     |  1- 3 |  4- 6 |  7- 9 | 10-12 | 13-15 | 16-18 | 19-21 | 22-24 | 25-27 || total
---------------------------+-------+-------+-------+-------+-------+-------+-------+-------+-------++-------
  Melee: Falchion          |    38 |       |       |       |       |       |       |       |       ||    38
         Bite              |    21 |    81 |   112 |   181 |   428 |   529 |   887 |   993 |   442 ||  3674
         Dagger            |    59 |   197 |   149 |       |       |       |       |       |       ||   405
         Short sword       |       |       |    28 |       |       |       |       |       |       ||    28
         Scimitar          |       |       |    76 |   417 |    68 |    21 |       |       |       ||   582
         Katana            |       |       |       |       |  1053 |  1493 |  1717 |  1954 |   369 ||  6586
         Double sword      |       |       |       |       |       |       |   281 |       |       ||   281
         Demon blade       |       |       |       |       |       |       |       |   174 |   499 ||   673
         Unarmed           |       |       |       |       |       |       |       |     2 |       ||     2
  Throw: Boomerang         |       |       |    10 |       |       |       |       |       |       ||    10
         Dart              |       |       |     5 |    15 |       |       |       |       |       ||    20
         Throwing net      |       |       |       |       |     1 |       |       |       |       ||     1
 Invoke: Heroism           |       |       |    11 |    20 |    24 |    16 |    18 |    23 |    15 ||   127
         Finesse           |       |       |       |       |     2 |     3 |     2 |     4 |     6 ||    17
         Receive Weapon    |       |       |       |       |       |     1 |       |       |       ||     1
         Receive Armour    |       |       |       |       |       |     1 |       |       |       ||     1
         Duel              |       |       |       |       |       |       |       |       |     1 ||     1
  Evoke: Wand              |       |       |     2 |     8 |     5 |     5 |       |     7 |     7 ||    34
    Use: Scroll            |       |     5 |     5 |     4 |    18 |    16 |     8 |     9 |     9 ||    74
         Potion            |       |       |     1 |       |     3 |     1 |     1 |     5 |     7 ||    18
   Stab: Sleeping          |       |       |       |     1 |       |       |       |       |       ||     1
         Held in net/web   |       |       |       |       |     2 |       |       |       |       ||     2
         Distracted        |       |       |       |       |       |       |       |     1 |       ||     1
 Armour: Robe              |     8 |       |       |       |       |       |       |       |       ||     8
         Ring mail         |    38 |    88 |   144 |   229 |     5 |       |       |       |       ||   504
         Chain mail        |       |       |       |       |   432 |   440 |   711 |   698 |   285 ||  2566
         Skin              |       |       |       |       |     3 |       |       |       |       ||     3
  Dodge: Dodged            |    43 |    89 |   113 |   145 |   307 |   395 |   679 |   640 |   215 ||  2626
  Block: Kite shield       |       |       |       |   167 |   584 |   906 |  1631 |  1370 |   419 ||  5077

Table legend: (Time is in decaauts)
 A = Elapsed time spent in this place.
 B = Non-inter-level travel time spent in this place.
 C = Inter-level travel time spent in this place.
 D = Time resting spent in this place.
 E = Time spent auto-exploring this place.
 F = Levels seen in this place.
 G = Mean time per level.
                   A        B        C        D        E       F      G
               +--------+--------+--------+--------+--------+-----+--------+
         Total |  46310 |  41672 |   4638 |   4425 |  25043 |  54 |  857.6 |
       Dungeon |  13395 |  11790 |   1605 |   1389 |   7369 |  15 |  893.0 |
        Temple |     38 |     23 |     15 |      0 |      0 |   1 |   38.0 |
          Lair |   5427 |   4953 |    474 |    413 |   3250 |   5 | 1085.4 |
         Swamp |   2669 |   2526 |    143 |     72 |   1710 |   4 |  667.2 |
     Snake Pit |   4050 |   3509 |    541 |     59 |   2828 |   4 | 1012.5 |
  Orcish Mines |   2059 |   1500 |    559 |     60 |   1058 |   2 | 1029.5 |
   Elven Halls |   3696 |   3574 |    122 |    593 |   2098 |   3 | 1232.0 |
        Vaults |   5482 |   5059 |    423 |    282 |   3540 |   4 | 1370.5 |
        Depths |   4551 |   3980 |    571 |    254 |   2545 |   4 | 1137.8 |
           Zot |   2967 |   2786 |    181 |   1174 |    379 |   5 |  593.4 |
         Abyss |   1038 |   1038 |      0 |      0 |    148 |   3 |  346.0 |
         Trove |     64 |     64 |      0 |      0 |      4 |   1 |   64.0 |
      Ice Cave |    526 |    526 |      0 |    127 |    112 |   1 |  526.0 |
      Gauntlet |    316 |    316 |      0 |      0 |      0 |   1 |  316.0 |
         Arena |     26 |     26 |      0 |      0 |      0 |   1 |   26.0 |
               +--------+--------+--------+--------+--------+-----+--------+

Top non-repeatable levels by time:
   Zot:5: 2015 daAuts
   Elf:3: 1712 daAuts
Vaults:2: 1619 daAuts
 Snake:1: 1538 daAuts
Depths:3: 1477 daAuts
  Lair:5: 1461 daAuts
    D:11: 1453 daAuts
Vaults:1: 1378 daAuts
Vaults:3: 1340 daAuts
   Orc:2: 1327 daAuts
 Snake:4: 1194 daAuts
Vaults:4: 1144 daAuts
     D:2: 1089 daAuts
Depths:2: 1087 daAuts
    D:12: 1084 daAuts
